 Dungeon Crawl Stone Soup version 0.30-a0-272-gf98c3da03f (webtiles) character file.

Game seed: 1102490026230150431

59532 freelancePsychic the Impaler (level 15, -7/124 HPs)
             Began as a Formicid Reaver on Oct 16, 2022.
             Was a High Priest of the Shining One.
             Constricted to death by Jorgrun (18 damage)
             ... on level 13 of the Dungeon.
             The game lasted 00:33:06 (18903 turns).

freelancePsychic the Impaler (Formicid Reaver)     Turns: 18903, Time: 00:33:06

Health: -7/124     AC: 29    Str: 24    XL:     15   Next: 34%
Magic:  21/24      EV:  9    Int: 13    God:    the Shining One [*****.]
Gold:   1114       SH: 23    Dex: 18    Spells: 15/18 levels left

rFire   . . .      SeeInvis +    b - +3 glaive (venom)
rCold   . . .      Faith    .    J - +0 kite shield
rNeg    + + .      Spirit   .    B - +8 chain mail "Ixkoaxy" {Will++ rCorr}
rPois   .          Reflect  .    (helmet unavailable)
rElec   .          Harm     .    h - +2 cloak
rCorr   +          Rampage  .    j - +2 pair of gloves
Will    +++..                    N - +2 pair of boots
Stlth   ..........               M - amulet of regeneration
HPRegen 1.20/turn                K - +4 ring of evasion
MPRegen 0.19/turn                A - +6 ring of dexterity

@: divinely shielded, grasped by roots, glowing, constricted
A: permanent stasis, dig shafts and tunnels, antennae 3, four strong arms
a: Dig, Shaft Self, Renounce Religion, Divine Shield, Cleansing Flame, Summon
Divine Warrior


You were on level 13 of the Dungeon.
You worshipped the Shining One.
The Shining One was extremely pleased with you.
You visited 2 branches of the dungeon, and saw 18 of its levels.

You collected 1215 gold pieces.
You spent 101 gold pieces at shops.

Inventory:

Hand Weapons
 a - a +2 trident of venom
 b - a +3 glaive of venom (weapon)
Missiles
 s - a throwing net
Armour
 h - a +2 cloak (worn)
 j - a +2 pair of gloves (worn)
 B - the +8 chain mail "Ixkoaxy" (worn) {Will++ rCorr}
   (You found it on level 11 of the Dungeon)

   rCorr:     It protects you from acid and corrosion.
   Will:      It greatly increases your willpower.
 J - a +0 kite shield (worn)
 N - a +2 pair of boots (worn)
Jewellery
 d - a ring of protection from cold
 e - a +6 ring of dexterity
 p - a ring of wizardry
 t - an amulet of reflection
 x - an amulet of faith
 A - a +6 ring of dexterity (right hand)
 H - a +6 ring of intelligence
 K - a +4 ring of evasion (left hand)
 M - an amulet of regeneration (around neck)
 Q - a ring of flight
 T - a ring of magical power
 V - a +4 ring of evasion
 W - a +4 ring of protection
 X - a ring of ice
 Y - a ring of protection from cold
Wands
 k - a wand of digging (6)
 n - a wand of paralysis (36)
 u - a wand of iceblast (24)
 F - a wand of flame (33)
Scrolls
 g - a scroll of identify {@r1}
 l - 4 scrolls of fear
 v - 3 scrolls of enchant weapon
 w - 3 scrolls of enchant armour
 y - 7 scrolls of magic mapping
 z - a scroll of fog
 I - 2 scrolls of amnesia
 R - 2 scrolls of brand weapon
 Z - a scroll of silence {unknown}
Potions
 c - a potion of mutation
 f - 8 potions of curing {@q1}
 i - a potion of cancellation
 m - a potion of magic
 o - 2 potions of ambrosia
 q - 3 potions of invisibility
 r - 4 potions of lignification {unknown}
 C - a potion of brilliance {unknown}
 D - a potion of might {unknown}
 E - 2 potions of resistance
 G - 3 potions of attraction
 L - 2 potions of berserk rage {unknown}
 O - a potion of flight {unknown}
 P - 6 potions of haste {unknown}
 U - a potion of degeneration {unknown}
Miscellaneous
 S - a phial of floods


   Skills:
 - Level 13.2 Fighting
 - Level 2.1(11.2) Axes
 - Level 16.8 Polearms
 + Level 10.0 Armour
 - Level 1.7 Dodging
 - Level 9.3 Shields
 - Level 2.1 Spellcasting
 - Level 2.9 Conjurations
 - Level 0.8 Translocations
 + Level 13.0 Invocations


You had 15 spell levels left.
You knew the following spells:

 Your Spells              Type           Power      Damage    Failure   Level
a - Kiss of Death         Conj/Necr      20%        2d7       80%         1
b - Momentum Strike       Conj/Tloc      12%        3d8       87%         2

Your spell library contained the following spells:

 Spells                   Type           Power      Damage    Failure   Level
 Magic Dart               Conj           36%        1d4       58%         1
 Call Imp                 Summ           1%         N/A       98%         2
 Sublimation of Blood     Necr           1%         N/A       98%         2
 Hailstorm                Conj/Ice       5%         3d4       99%         3
 Lesser Beckoning         Tloc           6%         N/A       99%         3
 Mephitic Cloud           Conj/Pois/Air  4%         N/A       99%         3
 Confusing Touch          Hex            1%         N/A       100%        3
 Frozen Ramparts          Ice            2%         1d1       100%        3
 Ozocubu's Armour         Ice            1%         N/A       100%        3
 Dispel Undead            Necr           1%         3d6       100%        4
 Ice Form                 Ice/Tmut       1%         N/A       100%        4
 Petrify                  Tmut/Erth      1%         N/A       100%        4
 Summon Ice Beast         Ice/Summ       1%         N/A       100%        4
 Irradiate                Conj/Tmut      2%         3d12      100%        5
 Metabolic Englaciation   Hex/Ice        0%         N/A       100%        5
 Yara's Violent Unravell  Hex/Tmut       0%         3d3       100%        5
 Simulacrum               Ice/Necr       0%         N/A       100%        6
 Enfeeble                 Hex            0%         N/A       100%        7
 Blink                    Tloc           Unusable   N/A       N/A         2

Dungeon Overview and Level Annotations

Branches:
Dungeon (13/15)            Temple (0/1) D:7            Lair (5/5) D:11
  Swamp (0/4) Lair:3        Snake (0/4) Lair:2        Slime (0/5) Lair:4
    Orc (0/2) D:11         Vaults (0/5) D:13

Altars:
Ashenzari
Dithmenos
Fedhas
Gozag
Makhleb
Nemelex Xobeh
Ru
Sif Muna
Trog
Uskayaw
Vehumet
Wu Jian
Yredelemnul
Zin
The Shining One
Jiyva

Shops:
D:3 *   D:8 !?

Portals:
Hell: Lair:5
Abyss: Lair:1
Trove: D:13 (give +5 demon whip)

Annotations:
D:11 exclusion: orange crystal statue
D:13 Jorgrun
Lair:1 2 transporters, brightshaft's ghost, novice DgGl
Lair:4 2 transporters, exclusion: oklob plant, Palms's ghost, journeyman DrWn


Innate Abilities, Weirdness & Mutations

You cannot be hasted, slowed, berserked, paralysed or teleported.
You can dig through walls and to a lower floor.
You have a pair of large antennae on your head. (SInv)
Your four strong arms can wield two-handed weapons with a shield.


Message History

You feel better.
The very large slime creature seems to regain its courage.
Jorgrun completely misses you. The grasping roots constrict you!
The gargoyle hits you but does no damage.
Your Armour skill increases to level 10!
You hit the gargoyle.
The gargoyle is lightly damaged.
Jorgrun points at you and mumbles some strange words.
You block the iron shot. The grasping roots constrict you.
The gargoyle closely misses you.
A very large slime creature splits.
You slash the gargoyle!
The gargoyle is severely damaged.
Jorgrun casts a spell at you. The iron shot hits you!!
* * * LOW HITPOINT WARNING * * *
The grasping roots constrict you.
* * * LOW HITPOINT WARNING * * *
You block the gargoyle's attack.
Your shield is strengthened by the Shining One's divine power.
Jorgrun gestures at you while chanting. You block the iron shot.
The grasping roots constrict you.
* * * LOW HITPOINT WARNING * * *
You block the gargoyle's attack.
As you read the scroll of fear, it crumbles to dust.
You assume a fearsome visage.
The slime creature looks frightened!
Jorgrun resists with almost no effort.
The gargoyle is unaffected.
The large slime creature looks frightened!
You block Jorgrun's attack. The grasping roots constrict you.
You block the gargoyle's attack.
Unknown command.
Unknown command.
You hit the gargoyle.
The gargoyle is severely damaged.
You block Jorgrun's attack. The grasping roots constrict you!!
* * * LOW HITPOINT WARNING * * *
You block the gargoyle's attack.
You feel better. The gargoyle barely misses you. You block Jorgrun's attack.
The grasping roots constrict you!!
You die...

#......###.J
#...........
#...........
#........../
#J......J...
#............
#...g9....... #...@.#
#...# #.....###...##
#............#
#............#
#............#
#.....>......#
#........†...#
#............#
#.....##...##########


You could see Jorgrun (extremely poisoned), a large slime creature (fleeing), 2
slime creatures and a gargoyle.

Vanquished Creatures
  Kirke (D:13)
  The ghost of Lobster4 the Grappler, a journeyman TrMo of Wu Jian (Lair:5)
  The ghost of Zonian the Fighter, a journeyman DjIE of Ashenzari (Lair:5)
  Josephine (D:11)
  4 hydras
  2 vault guards (D:13)
  A centaur warrior (D:13)
  A catoblepas (Lair:4)
  8 two-headed ogres
  2 boulder beetles
  A death yak (Lair:5)
  2 necromancers (D:13)
  2 wizards
  A deep elf pyromancer (D:11)
  A cyclops (D:12)
  2 manticores
  An ugly thing (D:11)
  2 elephants (Lair:5)
  3 black mambas
  An orange demon (Lair:5)
  A smoke demon (Lair:5)
  11 cane toads
  Psyche (D:8)
  6 rime drakes (Lair:5)
  15 komodo dragons
  An ice devil (Lair:5)
  A hornet (D:9)
  5 trolls
  4 polar bears
  4 dream sheep
  5 slime creatures (D:12)
  8 blink frogs
  Sigmund (D:6)
  A shadow (D:11)
  4 wyverns
  48 yaks
  5 wraiths
  18 humans (D:13)
  5 hogs (D:13)
  3 basilisks
  3 steam dragons
  3 vampire mosquitoes (D:13)
  Eustachio (D:6)
  A naga (Lair:2)
  A hell hound (Lair:5)
  4 acid dragons
  13 water moccasins
  5 orc warriors
  An ice beast (D:6)
  A black bear (D:5)
  3 sky beasts
  19 wolves
  11 centaurs
  A kobold brigand (D:9)
  15 bullfrogs
  A scorpion (D:7)
  6 wights
  8 howler monkeys
  4 electric eels (D:11)
  5 jellies
  10 orc priests
  A gnoll bouda (D:5)
  4 hounds
  2 iguanas
  11 orc wizards
  13 gnolls
  4 adders
  A shadow imp (D:7)
  3 white imps
  2 ufetubi
  3 worms
  3 dart slugs
  33 orcs
  7 endoplasms
  4 giant cockroaches
  5 goblins
  12 hobgoblins
  6 jackals
  2 quokkas
  3 ball pythons
  3 bats
  4 frilled lizards
  3 kobolds
  A rat (D:3)
431 creatures vanquished.

Vanquished Creatures (collateral kills)
  The ghost of snackwell the Jinx, a journeyman SpEn of Dithmenos (Lair:5)
  A hydra (Lair:5)
  A sun demon (Lair:5)
  2 orange demons (Lair:5)
  An ice devil (Lair:5)
  A red devil (Lair:5)
  4 yaks (Lair:5)
  3 hell hounds (Lair:5)
14 creatures vanquished.

Vanquished Creatures (others)
  An adder (D:3)
  A gnoll (D:3)
  An orc (D:11)
  An endoplasm (D:2)
  A goblin (D:3)
  A ball python (D:2)
  A bat (D:2)
  A frilled lizard (D:2)
  22 fungi
  69 plants
  3 withered plants (Lair:5)
102 creatures vanquished.

Grand Total: 547 creatures vanquished

Notes
Turn   | Place    | Note
-------+----------+-------------------------------------------
     0 | D:1      | freelancePsychic the Formicid Reaver began the quest for
                  | the Orb.
     0 | D:1      | Reached XP level 1. HP: 16/16 MP: 3/3
   178 | D:1      | Found a faded altar of an unknown god.
   245 | D:1      | Prayed at the altar of an unknown god.
   245 | D:1      | Became a worshipper of the Shining One
   245 | D:1      | Reached * piety under the Shining One
   316 | D:1      | Reached XP level 2. HP: 22/23 MP: 5/5
   684 | D:1      | Learned a level 2 spell: Momentum Strike
  1280 | D:2      | Reached XP level 3. HP: 28/28 MP: 6/6
  1284 | D:2      | Found a shimmering blue altar of Sif Muna.
  1296 | D:2      | Reached skill level 1 in Invocations
  2008 | D:2      | Reached XP level 4. HP: 34/34 MP: 0/7
  2093 | D:3      | Found Qef Tuck's General Store.
  2097 | D:3      | Bought a potion of heal wounds for 65 gold pieces
  2314 | D:3      | Reached skill level 1 in Shields
  2639 | D:3      | Reached skill level 4 in Polearms
  2639 | D:3      | Reached XP level 5. HP: 26/41 MP: 2/8
  3248 | D:4      | Found a broken altar of Ashenzari.
  3317 | D:4      | Found a radiant altar of Vehumet.
  4002 | D:5      | Entered Level 5 of the Dungeon
  4020 | D:5      | Found an opulent altar of Gozag.
  4037 | D:5      | Noticed a black bear
  4046 | D:5      | Reached XP level 6. HP: 24/48 MP: 5/9
  4054 | D:5      | Killed a black bear
  4055 | D:5      | Reached skill level 5 in Polearms
  4336 | D:5      | Identified the +3 robe of Yruehuo {rN+ Dex+3}
  4349 | D:5      | Reached XP level 7. HP: 27/55 MP: 10/10
  4355 | D:5      | Identified the +6 hand axe of Edamy {vorpal, rPois rF+}
  4388 | D:5      | Reached skill level 1 in Axes
  4663 | D:5      | Found a sparkling altar of Nemelex Xobeh.
  4692 | D:5      | Reached skill level 5 in Fighting
  4844 | D:5      | Reached skill level 6 in Polearms
  5141 | D:6      | Reached XP level 8. HP: 62/62 MP: 11/11
  5185 | D:6      | Reached skill level 7 in Polearms
  5352 | D:6      | Reached ** piety under the Shining One
  5498 | D:6      | Found a hide-covered altar of Uskayaw.
  5656 | D:6      | Reached skill level 8 in Polearms
  5733 | D:6      | Noticed Sigmund
  5737 | D:6      | Killed Sigmund
  5738 | D:6      | Reached XP level 9. HP: 63/71 MP: 12/12
  5880 | D:6      | Found a basalt altar of Yredelemnul.
  5901 | D:6      | Noticed Eustachio
  5909 | D:6      | Killed Eustachio
  5910 | D:6      | Reached skill level 9 in Polearms
  5951 | D:6      | Found an ornate altar of the Wu Jian Council.
  6439 | D:7      | Found a sacrificial altar of Ru.
  6754 | D:7      | Reached skill level 10 in Polearms
  6778 | D:7      | Found a staircase to the Ecumenical Temple.
  6926 | D:7      | Identified the +4 rapier "Zaero" {vorpal, Str+2 Dex+4}
  7161 | D:8      | Reached XP level 10. HP: 80/80 MP: 13/13
  7184 | D:8      | Reached *** piety under the Shining One
  7465 | D:8      | Reached skill level 11 in Polearms
  7483 | D:8      | Found Wiulasch's Distillery.
  7491 | D:8      | Bought a potion of curing for 36 gold pieces
  7646 | D:8      | Found a blossoming altar of Fedhas.
  7655 | D:8      | Found Tawuff's Magic Scroll Shoppe.
  7655 | D:8      | Noticed Psyche
  7660 | D:8      | Killed Psyche
  7910 | D:9      | Found a glowing silver altar of Zin.
  7910 | D:9      | Found a shimmering blue altar of Sif Muna.
  7911 | D:9      | Found a bloodstained altar of Trog.
  8270 | D:9      | Reached skill level 12 in Polearms
  8582 | D:9      | Reached XP level 11. HP: 60/90 MP: 14/14
  8815 | D:9      | Reached skill level 10 in Fighting
  9111 | D:10     | Entered Level 10 of the Dungeon
  9156 | D:10     | Found a shadowy altar of Dithmenos.
  9587 | D:10     | Noticed a two-headed ogre
  9593 | D:10     | Killed a two-headed ogre
  9594 | D:10     | Reached skill level 13 in Polearms
  9864 | D:10     | You fall into a shaft and drop 3 floors!
  9875 | D:13     | Found a portal to a secret trove of treasure.
 10288 | D:12     | Noticed a two-headed ogre
 10297 | D:12     | Killed a two-headed ogre
 10396 | D:12     | Noticed a cyclops
 10403 | D:12     | Killed a cyclops
 10504 | D:11     | Noticed an orange crystal statue
 10807 | D:11     | Noticed a two-headed ogre
 10815 | D:11     | Killed a two-headed ogre
 10816 | D:11     | Reached skill level 14 in Polearms
 11097 | D:11     | Found a staircase to the Lair.
 11131 | D:11     | Noticed a purple ugly thing
 11142 | D:11     | Killed a purple ugly thing
 11185 | D:11     | Found a staircase to the Orcish Mines.
 11262 | D:11     | Noticed a two-headed ogre
 11262 | D:11     | Noticed a manticore
 11273 | D:11     | Noticed a two-headed ogre
 11275 | D:11     | Killed a two-headed ogre
 11279 | D:11     | Killed a manticore
 11280 | D:11     | Reached XP level 12. HP: 72/100 MP: 13/15
 11283 | D:11     | Killed a two-headed ogre
 11688 | D:11     | Identified the +8 chain mail "Ixkoaxy" {Will++ rCorr}
 11697 | D:11     | Noticed a boulder beetle
 11707 | D:11     | Killed a boulder beetle
 11781 | D:11     | Noticed Josephine
 11791 | D:11     | Killed Josephine
 11792 | D:11     | Reached skill level 5 in Shields
 11792 | D:11     | Reached skill level 5 in Invocations
 11980 | D:11     | Reached **** piety under the Shining One
 12367 | Lair:1   | Entered Level 1 of the Lair of Beasts
 12394 | Lair:1   | Reached skill level 15 in Polearms
 12412 | Lair:1   | Noticed a hell hog
 12425 | Lair:1   | Found a transporter.
 12427 | Lair:1   | Noticed a sixfirhy
 12470 | Lair:1   | Found a transporter.
 12472 | Lair:1   | Found a one-way gate to the infinite horrors of the Abyss.
 12490 | Lair:1   | Noticed brightshaft's ghost (novice DgGl)
 13101 | Lair:2   | Found a staircase to the Snake Pit.
 13236 | Lair:2   | Identified the +2 whip of Sloth {drain, Dex+4}
 13324 | Lair:2   | Reached XP level 13. HP: 108/108 MP: 17/17
 14066 | Lair:3   | Found a staircase to the Swamp.
 14323 | Lair:3   | Noticed a five-headed hydra
 14337 | Lair:3   | Killed a five-headed hydra
 14717 | Lair:4   | Found a transporter.
 14728 | Lair:4   | Found a transporter.
 14737 | Lair:4   | Found a bloodstained altar of Trog.
 14746 | Lair:4   | Noticed Palms's ghost (journeyman DrWn)
 14796 | Lair:4   | Noticed a catoblepas
 14806 | Lair:4   | Killed a catoblepas
 14807 | Lair:4   | Reached skill level 16 in Polearms
 14935 | Lair:4   | Found a viscous altar of Jiyva.
 14935 | Lair:4   | Found a staircase to the Slime Pits.
 15679 | Lair:5   | Entered Level 5 of the Lair of Beasts
 15954 | Lair:5   | Reached ***** piety under the Shining One
 15967 | Lair:5   | Reached skill level 1 in Armour
 15975 | Lair:5   | Reached XP level 14. HP: 91/118 MP: 19/19
 16327 | Lair:5   | Reached skill level 5 in Armour
 16579 | Lair:5   | Reached skill level 10 in Invocations
 16614 | Lair:5   | Found a burning altar of Makhleb.
 16729 | Lair:5   | Found a gateway to Hell.
 16729 | Lair:5   | Found the +3 giant club "Skullcrusher" {speed, Str+7}
 16833 | Lair:5   | Found a runed translucent gate.
 16837 | Lair:5   | Found a runed translucent gate.
 16839 | Lair:5   | Found a runed translucent gate.
 16842 | Lair:5   | Noticed Lobster4's ghost (journeyman TrMo)
 16842 | Lair:5   | Noticed Zonian's ghost (journeyman DjIE)
 16842 | Lair:5   | Noticed snackwell's ghost (journeyman SpEn)
 17449 | Lair:5   | Killed snackwell's ghost
 17452 | Lair:5   | Killed Lobster4's ghost
 17459 | Lair:5   | Killed Zonian's ghost
 17465 | Lair:5   | Identified the +0 pair of gloves of Foolhardiness {*Corrode
                  | rPois Str+2}
 18321 | D:13     | Noticed Kirke
 18322 | D:13     | Reached XP level 15. HP: 121/124 MP: 23/23
 18344 | D:13     | Killed Kirke
 18704 | D:13     | Found a gate to the Vaults.
 18879 | D:13     | Noticed Jorgrun
 18898 | D:13     | Reached skill level 10 in Armour
 18902 | D:13     | HP: 4/124 [constriction (20)]
 18903 | D:13     | Constricted to death by Jorgrun

Illustrated notes

Levels and vault maps discovered:
D:1:      dpeg_arrival_signposts, layout_basic, basic_ecumenical_altar
D:2:      cheibrodos_old_hovel, layout_loops_ring, basic_altar
D:3:      layout_loops_ring, serial_shops, nicolae_shop_hallway_stairs,
          st_stairs_2
D:4:      layout_basic, mainiacjoe_overflow_24_doors, lemuel_crystal_altar,
          serial_curves, eino_curves_03, eino_curves_02,
          minmay_large_rounded_square
D:5:      wad_pebble_path, layout_loops_ring, grunt_gozag_breadcrumbs,
          mainiacjoe_overflow_catwalk
D:6:      layout_loops_cross, yredelemnul_altar_generic,
          nicolae_wu_jian_immortal_techniques, kennysheep_mini, uniq_sigmund,
          uniq_eustachio
D:7:      layout_basic, nicolae_overflow_hidden_temple,
          minmay_temple_entry_ruins
D:8:      layout_rooms, lemuel_crystal_altar, serial_shops, shop,
          nicolae_shop_crystal, uniq_psyche
D:9:      layout_gridville, chequers_temple_overflow_statue_of_worship,
          minmay_fractal_squares_diagonal_5
D:10:     layout_grid_maze, mainiacjoe_overflow_concentric_impassable
D:11:     layout_long_grid, lair_entry_dummy, orc_0_dummy, serial_bayou,
          serial_bayou_lagoon_a, serial_bayou_lagoon_b, serial_bayou_ford_a,
          serial_bayou_pond_b, minivault_16, uniq_josephine
D:12:     layout_roguey, nicolae_concentric_dashed_squares_wild,
          hangedman_abyss_or_decor_stagger
D:13:     layout_gridville, grunt_vaults_entry_tiered, enter_trove_2,
          uniq_jorgrun, uniq_kirke
Lair:1:   layout_loops_ring, gammafunk_ghost_abyssal_escape
Lair:2:   layout_regular_city, guppyfry_snake_entry_garden
Lair:3:   layout_cellular_growth, swamp_mist_pool, infiniplex_staircase_pool_2
Lair:4:   layout_regular_city, dpeg_slime_entry_enclosed,
          gammafunk_ghost_wrathful_warriors, beast_lair_carwin_1,
          lemuel_fruit_tree
Lair:5:   evil_forest, layout_cave_pods, gammafunk_ghost_cemetery,
          grunt_megastairs_4

Skill      XL: |  1  2  3  4  5  6  7  8  9 10 11 12 13 14 15 |
---------------+----------------------------------------------+-----
Invocations    | 1 2 3 6 7 11 13 | 13.0
Shields        | 1 3 6 9 |  9.3
Fighting       | 3 4 5 6 8 9 11 12 13 | 13.2
Polearms       | 4 5 6 8 10 12 14 15 16 | 16.8
Axes           | 2 |  2.1
Armour         | 1 8 10 | 10.0
Dodging        | |  1.7
Spellcasting   | |  2.1
Conjurations   | |  2.9
Translocations | |  0.8

Action                   |  1- 3 |  4- 6 |  7- 9 | 10-12 | 13-15 || total
-------------------------+-------+-------+-------+-------+-------++-------
Melee: Spear             |   123 |   240 |    25 |       |       ||   388
       Punch             |     3 |       |       |       |       ||     3
       Trident           |       |       |   164 |       |    39 ||   203
       Hand axe          |       |       |    13 |       |       ||    13
       Glaive            |       |       |    12 |   371 |   621 ||  1004
 Cast: Momentum Strike   |     5 |     7 |       |     2 |       ||    14
Invok: Divine Shield     |     4 |     3 |     1 |     5 |     7 ||    20
       Summon Divine War |       |       |       |       |     2 ||     2
       Cleansing Flame   |       |       |       |       |     1 ||     1
 Abil: Dig               |       |       |       |       |     4 ||     4
  Use: Scroll            |     1 |     4 |     6 |    15 |     7 ||    33
       Potion            |       |       |     3 |     3 |     5 ||    11
Armor: Leather armour    |    20 |       |       |       |       ||    20
       Ring mail         |     2 |    37 |       |       |       ||    39
       Chain mail        |       |    24 |    35 |    72 |   380 ||   511
       Steam dragon scal |       |       |     8 |    78 |       ||    86
Dodge: Dodged            |    42 |    69 |    51 |   118 |   310 ||   590
Block: Buckler           |     5 |    78 |    71 |    59 |       ||   213
       Reflection        |       |       |     6 |    15 |       ||    21
       Kite shield       |       |       |       |   140 |   482 ||   622

Table legend: (Time is in decaauts)
 A = Elapsed time spent in this place.
 B = Non-inter-level travel time spent in this place.
 C = Inter-level travel time spent in this place.
 D = Time resting spent in this place.
 E = Time spent auto-exploring this place.
 F = Levels seen in this place.
 G = Mean time per level.
                   A        B        C        D        E       F      G
               +--------+--------+--------+--------+--------+-----+--------+
         Total |  18909 |  17975 |    934 |    693 |  14065 |  18 | 1050.5 |
       Dungeon |  13631 |  12967 |    664 |    584 |  10148 |  13 | 1048.5 |
          Lair |   5278 |   5008 |    270 |    109 |   3917 |   5 | 1055.6 |
               +--------+--------+--------+--------+--------+-----+--------+

Top non-repeatable levels by time:
  Lair:5: 1695 daAuts
    D:11: 1659 daAuts
  Lair:4: 1310 daAuts
     D:7: 1160 daAuts
     D:2: 1148 daAuts
     D:5: 1105 daAuts
    D:10: 1092 daAuts
    D:12: 1091 daAuts
     D:9: 1020 daAuts
     D:3: 991 daAuts
     D:6: 963 daAuts
     D:1: 940 daAuts
     D:4: 905 daAuts
     D:8: 853 daAuts
  Lair:2: 776 daAuts
